 Dungeon Crawl Stone Soup version 0.28-a0-1429-gf3d713df7a (webtiles) character file.

Game seed: 15875297611000372909

42 HallandMoats the Shield-Bearer (level 3, -4/33 HPs)
             Began as a Minotaur Fighter on Jan 9, 2022.
             Was a Believer of Cheibriados.
             Succumbed to a gnoll's poison
             ... on level 2 of the Dungeon.
             The game lasted 00:01:41 (1108 turns).

HallandMoats the Shield-Bearer (Minotaur Fighter)   Turns: 1108, Time: 00:01:42

Health: -4/33      AC:  9    Str: 24    XL:     3   Next: 33%
Magic:  2/2        EV:  4    Int:  9    God:    Cheibriados [**....]
Gold:   67         SH: 13    Dex: 15    Spells: 2/2 levels left

rFire   . . .      SeeInvis .   a - +0 war axe
rCold   . . .      Faith    .   g - +0 tower shield
rNeg    . . .      Spirit   .   l - +0 chain mail
rPois   .          Reflect  .   (helmet restricted)
rElec   .          Harm     .   (no cloak)
rCorr   .          Rampage  .   (no gloves)
Will    +....                   (no boots)
Stlth   ..........              (no amulet)
HPRegen 0.11/turn               k - ring of willpower
MPRegen 0.08/turn               (no ring)

@: lethally poisoned (-4 -> -26), very slow
A: horns 2, retaliatory headbutt
a: Renounce Religion, Bend Time


You were on level 2 of the Dungeon.
You worshipped Cheibriados.
Cheibriados was pleased with you.
You visited 1 branch of the dungeon, and saw 2 of its levels.

You collected 67 gold pieces.

Inventory:

Hand Weapons
 a - a +0 war axe (weapon)
Armour
 g - a +0 tower shield (worn)
 l - a +0 chain mail (worn)
Jewellery
 k - a ring of willpower (left hand)
Scrolls
 e - a scroll of fog {unknown}
 f - a scroll of noise {unknown}
 h - a scroll of identify {unknown}
 j - a scroll of enchant armour {unknown}
Potions
 c - a potion of haste {unknown}
 d - a potion of might
 i - a potion of resistance {unknown}


   Skills:
 + Level 3.9 Fighting
 + Level 2.8 Axes
 + Level 3.9 Armour
 + Level 1.0 Dodging
 + Level 4.0 Shields
 * Level 1.2 Invocations


You had 2 spell levels left.
You didn't know any spells.
Your spell library was empty.

Dungeon Overview and Level Annotations

Branches:
Dungeon (2/15)

Altars:
Cheibriados


Innate Abilities, Weirdness & Mutations

You have a pair of horns on your head.
You reflexively headbutt those who attack you in melee.


Message History

No target in view!
No target in view!
No target in view!
Things that are here:
a jackal corpse; a jackal corpse; a jackal corpse No target in view!
Found a robe.
No target in view!
You see here a +0 robe.
Key pressed, stopping explore.
No target in view!
A gnoll comes into view. It is wielding a +1 flail of venom.
The gnoll shouts!
A gnoll comes into view. It is wielding a +0 flail.
A gnoll comes into view. It is wielding a +0 club.
The gnoll shouts! x2
A gnoll comes into view. It is wielding a +0 spear.
There are monsters nearby!
There are monsters nearby!
You barely miss the gnoll. You block the gnoll's attack. x2
There are monsters nearby!
You barely miss the gnoll. You headbutt the gnoll.
The gnoll is lightly wounded.
The gnoll hits you with a +1 flail of venom!
You are poisoned.
The gnoll hits you with a +1 flail of venom!
You are lethally poisoned!
There is a lethal amount of poison in your body!
You slash the gnoll!
The gnoll is heavily wounded.
You feel extremely sick.
The gnoll hits you with a +1 flail of venom.
* * * LOW HITPOINT WARNING * * *
You are more poisoned.
You are too injured to fight recklessly!
You are too injured to fight recklessly!
* * * LOW HITPOINT WARNING * * *
You feel extremely sick. You block the gnoll's attack.
You die...

#...# ⌠..#############...#
..#.# ......^............#
#.#.# ###...#########....#
#.#.# #.# #....# #.#.# #.
.. #....# #.#.# #. #
#....# #.#.# #.
..##########.#####.#.####.
...g.ggg.@........[.......
############..######.###..
##.## #...##.. #..#
#...###. ##.#.##....†..
#.#.......### #.#.......#
# ##### #.###.#.... #
....# #.###...#.#.#


You could see 4 gnolls.

Vanquished Creatures
  A dart slug (D:1)
  2 ball pythons (D:1)
  5 bats
  3 endoplasms (D:1)
  4 giant cockroaches
  3 hobgoblins (D:1)
  4 jackals (D:2)
  2 quokkas (D:1)
  3 frilled lizards (D:2)
  2 kobolds
  5 rats
34 creatures vanquished.

Notes
Turn   | Place    | Note
-------+----------+-------------------------------------------
     0 | D:1      | HallandMoats the Minotaur Fighter began the quest for the
                  | Orb.
     0 | D:1      | Reached XP level 1. HP: 19/19 MP: 0/0
    87 | D:1      | Reached XP level 2. HP: 27/27 MP: 1/1
   121 | D:1      | Found a faded altar of an unknown god.
   219 | D:1      | Prayed at the altar of an unknown god.
   219 | D:1      | Became a worshipper of Cheibriados the Contemplative
   219 | D:1      | Reached * piety under Cheibriados
   369 | D:1      | Reached skill level 1 in Dodging
   726 | D:2      | Reached skill level 1 in Invocations
   726 | D:2      | Reached XP level 3. HP: 33/33 MP: 2/2
   910 | D:2      | Reached ** piety under Cheibriados
  1037 | D:2      | Reached skill level 4 in Shields
  1107 | D:2      | HP: 1/33 [poisoned by a gnoll]
  1108 | D:2      | Succumbed to a gnoll's poison

Illustrated notes

Levels and vault maps discovered:
D:1:      tarquinn_simple_flora_water_b, layout_basic,
          dreamdust_ecumenical_altar_statues
D:2:      layout_basic, grunt_ministairs_4, minmay_tetromino_s2

Skill      XL: |  1  2  3 |
---------------+----------+-----
Dodging        | 1 |  1.0
Invocations    | 1 |  1.2
Shields        | 4 |  4.0
Fighting       | |  3.9
Axes           | |  2.8
Armour         | |  3.9

Action                   || total
-------------------------++-------
Melee: War axe           ||    71
       Headbutt          ||     4
Armor: Scale mail        ||    30
       Chain mail        ||     3
Dodge: Dodged            ||    29
Block: Buckler           ||     6
       Tower shield      ||    52

Table legend: (Time is in decaauts)
 A = Elapsed time spent in this place.
 B = Non-inter-level travel time spent in this place.
 C = Inter-level travel time spent in this place.
 D = Time resting spent in this place.
 E = Time spent auto-exploring this place.
 F = Levels seen in this place.
 G = Mean time per level.
                   A        B        C        D        E       F      G
               +--------+--------+--------+--------+--------+-----+--------+
         Total |   1397 |   1308 |     89 |      0 |   1055 |   2 |  698.5 |
       Dungeon |   1397 |   1308 |     89 |      0 |   1055 |   2 |  698.5 |
               +--------+--------+--------+--------+--------+-----+--------+

Top non-repeatable levels by time:
     D:1: 818 daAuts
     D:2: 579 daAuts
